Map: Arctic Gates

Players

Metasapien - Winner!

  • Race: Zerg Zerg
  • League: Platinum
  • Spawn Location: 0:00

Kswiss - Winner!

  • Race: Protoss Protoss
  • Spawn Location: 3:00

KaveBlack

  • Race: Terran Terran
  • League: Silver
  • Spawn Location: 0:00

ThurQuan

  • Race: Protoss Protoss
  • League: Gold
  • Spawn Location: 9:00

VOD

Have the link to the VOD?

Description

Time

  • Played on: Sept. 17, 2017, 2:27 p.m.
  • Length: 12:54
Show
View Real Time Build Order
Export as new Build Order

Metasapien Zerg - Winner!

Build Orders: Pool First 

Get SALT Encoding   

  12  0:01  Drone  
  13  0:13  Overlord  
  13  0:20  Drone  
  14  0:29  Drone, Extractor  
  15  0:36  Drone x2  
  17  0:46  Drone  
  18  0:56  Spawning Pool  
  17  0:59  Extractor  
  17  1:02  Drone  
  17  1:17  Drone  
  18  1:27  Hatchery  
  17  1:42  Overlord  
  17  1:44  Zergling x4  
  17  1:46  Queen  
  21  2:02  Drone  
  22  2:13  Drone  
  22  2:15  Overlord  
  23  2:23  Metabolic Boost  
  23  2:28  Extractor  
  23  2:29  Drone  
  23  2:40  Drone  
  23  2:41  Queen  
  26  2:51  Drone  
  27  2:53  Drone x2  
  29  3:01  Drone x2, Roach Warren  
  29  3:03  Drone  
  29  3:05  Drone  
  32  3:08  Drone  
  33  3:13  Drone  
  34  3:25  Drone  
  35  3:28  Spine Crawler  
  35  3:34  Overlord  
  34  3:42  Extractor  
  34  3:43  Roach  
  34  3:44  Roach x2  
  34  3:45  Roach  
  41  3:49  Overlord  
  41  3:59  Drone  
  41  4:00  Drone x3  
  45  4:11  Drone  
  45  4:16  Lair  
  46  4:19  Overlord  
  46  4:20  Overlord  
  46  4:23  Drone  
  47  4:26  Drone  
  47  4:28  Drone  
  47  4:30  Drone  
  50  4:36  Roach x2  
  54  4:39  Zergling x2  
  54  4:41  Zergling x2  
  54  4:42  Zergling x2  
  53  5:10  Zergling x4, Roach x3  
  53  5:11  Zergling x6  
  63  5:14  Overseer  
  63  5:36  Drone x2, Hatchery  
  63  5:40  Extractor  
  63  5:44  Hydralisk Den  
  63  5:45  Drone  
  63  5:46  Drone x3  
  66  5:53  Ravager x2  
  68  6:10  Overlord x3  
  68  6:11  Overlord  
  68  6:29  Ravager  
  68  6:30  Overlord x2  
  68  6:31  Hydralisk x3  
  75  6:37  Roach  
  77  6:49  Roach  
  77  6:50  Roach x4  
  77  6:51  Queen  
  89  7:01  Evolution Chamber  
  89  7:04  Evolution Chamber  
  89  7:05  Drone  
  88  7:08  Spore Crawler  
  88  7:10  Drone  
  88  7:12  Drone x2  
  91  7:15  Drone  
  91  7:16  Drone x2  
  91  7:21  Hydralisk x2  
  97  7:43  Drone x2  
  97  7:44  Drone x5  
  101  7:45  Drone  
  105  7:51  Muscular Augments  
  105  7:53  Glial Reconstitution  
  103  8:01  Zerg Ground Armor Level 1, Zerg Missile Weapons Level 1  
  96  8:14  Zergling x2, Roach  
  96  8:15  Zergling x14  
  96  8:16  Zergling x8  
  105  8:27  Ravager  
  105  8:28  Ravager x5  
  105  8:29  Ravager x3  
  78  9:19  Hydralisk  
  78  9:20  Roach, Hydralisk x4  
  78  9:21  Roach x3  
  93  9:31  Hatchery  
  90  9:32  Drone x3, Extractor  
  90  9:33  Extractor  
  86  9:45  Zergling x6  
  80  9:56  Pneumatized Carapace  
  78  10:20  Zerg Missile Weapons Level 2, Zerg Ground Armor Level 2  
  78  10:27  Infestation Pit  
  77  10:40  Nydus Network  
  55  11:06  Queen x3  
  55  11:08  Hydralisk  
  55  11:09  Hydralisk x6  
  55  11:10  Hydralisk x6  
  55  11:11  Hydralisk x5  
  87  11:12  Hydralisk x3  
  87  11:13  Hydralisk x4  
  111  11:19  Overseer  
  111  11:40  Pathogen Glands  
  111  11:43  Hive  
  111  11:53  Drone x3  
  114  12:04  Roach x3  
  114  12:07  Overlord x7  
  120  12:26  Nydus Canal  
Show
View Real Time Build Order
Export as new Build Order

Kswiss Protoss - Winner!

Build Orders:  

Get SALT Encoding   

  12  0:02  Probe (Chrono Boost)  
  13  0:12  Probe (Chrono Boost)  
  14  0:23  Pylon  
  14  0:26  Probe (Chrono Boost)  
  15  0:41  Probe (Chrono Boost)  
  16  0:49  Forge  
  16  0:58  Gateway  
  16  1:05  Probe (Chrono Boost)  
  16  1:06  Assimilator  
  17  1:16  Probe (Chrono Boost)  
  18  1:30  Probe (Chrono Boost)  
  19  1:38  Pylon  
  19  1:40  Probe (Chrono Boost)  
  19  1:43  Photon Cannon  
  20  1:51  Probe (Chrono Boost)  
  21  1:54  Cybernetics Core  
  21  1:59  Pylon  
  21  2:02  Probe (Chrono Boost)  
  21  2:06  Assimilator  
  22  2:21  Probe (Chrono Boost)  
  23  2:27  Gateway  
  23  2:31  Probe (Chrono Boost)  
  23  2:35  Photon Cannon  
  24  2:42  Photon Cannon  
  24  2:45  Probe (Chrono Boost)  
  25  3:07  Warp Gate (Chrono Boost)  
  25  3:10  Protoss Ground Weapons Level 1 (Chrono Boost)  
  25  3:23  Pylon  
  25  3:25  Gateway  
  25  3:37  Nexus  
  25  3:43  Stalker  
  27  3:58  Robotics Facility  
  27  4:24  Zealot x2  
  31  4:47  Pylon  
  31  4:51  Pylon  
  31  4:54  Protoss Ground Armor Level 1  
  29  5:14  Probe  
  30  5:22  Photon Cannon  
  30  5:25  Probe  
  30  5:28  Photon Cannon  
  31  5:32  Immortal (Chrono Boost)  
  35  5:35  Probe  
  36  5:44  Photon Cannon  
  36  5:46  Probe  
  36  5:49  Assimilator  
  37  5:56  Probe  
  38  6:04  Pylon  
  38  6:07  Probe  
  39  6:11  Robotics Bay  
  39  6:17  Probe  
  39  6:19  Twilight Council  
  40  6:28  Probe, Gateway  
  41  6:32  Gateway  
  41  6:35  Pylon  
  41  6:42  Probe  
  42  6:52  Probe  
  43  7:01  Pylon  
  43  7:02  Protoss Ground Weapons Level 2 (Chrono Boost)  
  43  7:03  Probe  
  44  7:11  Extended Thermal Lance (Chrono Boost)  
  44  7:13  Probe  
  45  7:17  Blink (Chrono Boost)  
  45  7:24  Probe  
  45  7:29  Stalker  
  48  7:30  Stalker  
  48  7:35  Pylon  
  48  7:36  Stalker  
  44  8:57  Gravitic Drive  
  44  9:00  Warp Prism  
  46  9:04  Stalker x3  
  46  9:06  Stalker x2  
  56  9:17  Protoss Shields Level 1 (Chrono Boost)  
  54  9:53  Stalker  
  54  9:54  Stalker x4  
  54  9:55  Nexus  
  54  9:59  Colossus  
  64  10:30  Zealot x3  
  60  11:13  Stalker x4  
  60  11:14  Stalker  
  74  11:45  Colossus (Chrono Boost)  
  74  11:46  Stalker  
  76  11:47  Stalker x3  
  72  12:38  Nexus  
Show
View Real Time Build Order
Export as new Build Order

KaveBlack Terran 

Build Orders:  

Get SALT Encoding   

  12  0:04  SCV  
  13  0:16  SCV  
  14  0:33  SCV  
  15  0:36  Supply Depot  
  15  0:57  SCV  
  15  1:03  Barracks  
  16  1:10  SCV  
  17  1:21  Barracks  
  17  1:25  Barracks  
  17  1:32  Supply Depot  
  17  2:01  Marine  
  18  2:08  Orbital Command  
  18  2:18  Marine  
  19  2:29  Marine x2  
  21  2:36  Marine  
  22  2:45  Supply Depot  
  22  2:47  Marine x2  
  24  2:54  Marine  
  25  3:05  Marine  
  26  3:06  Marine  
  26  3:12  Marine  
  28  3:16  Command Center  
  28  3:22  Marine  
  28  3:24  Marine  
  30  3:30  Marine  
  31  3:40  SCV, Marine  
  33  3:42  Supply Depot  
  33  3:46  Marine  
  34  3:52  SCV  
  35  4:04  SCV  
  36  4:11  Engineering Bay  
  36  4:16  SCV  
  37  4:19  Marine x2  
  37  4:20  Marine  
  40  4:28  SCV  
  41  4:37  Marine x3  
  44  4:50  Missile Turret  
  44  4:51  Missile Turret  
  44  4:55  Refinery, Marine x3  
  44  4:57  Refinery  
  44  5:13  Marine x2  
  35  5:55  Bunker  
  35  5:56  Bunker  
  35  5:57  Bunker  
  35  6:27  Factory  
  34  6:58  Barracks Tech Lab, Barracks Reactor x2  
  34  7:27  Factory Tech Lab  
  34  7:31  Marine  
  35  7:37  Marine  
  35  7:38  Marine x3  
  35  7:44  Planetary Fortress  
  39  7:49  Marine  
  40  7:55  Marine  
  40  7:56  Marine x3  
  44  8:00  Concussive Shells  
  38  8:07  Marauder  
  28  8:13  Siege Tank, Marine  
  28  8:14  Marine x3  
  34  8:29  Marauder  
  34  8:31  Marine x3  
  29  8:50  Marauder  
  29  8:53  Marine x2  
  29  8:55  Marine x2  
  26  9:11  Marauder, Marine x2  
  26  9:13  Marine x2  
  29  9:17  SCV  
  29  9:28  Starport  
  29  9:29  SCV  
  29  9:30  Starport  
  29  9:33  Marauder  
  28  9:41  SCV  
  27  9:53  SCV  
  27  9:54  Marauder  
  28  10:05  SCV  
  25  10:15  Missile Turret x2  
  25  10:16  Marauder  
  27  10:28  Viking  
  12  11:30  SCV  
  10  11:43  SCV  
  11  11:53  Missile Turret  
  11  11:55  SCV  
  11  12:07  SCV  
  7  12:14  Siege Tank  
Show
View Real Time Build Order
Export as new Build Order

ThurQuan Protoss 

Build Orders:  

Get SALT Encoding   

  12  0:17  Pylon  
  12  0:40  Forge  
  12  0:45  Gateway  
  12  0:48  Probe (Chrono Boost)  
  13  1:38  Pylon  
  13  1:41  Pylon  
  12  2:01  Probe (Chrono Boost)  
  13  2:11  Probe (Chrono Boost)  
  14  2:22  Probe (Chrono Boost), Cybernetics Core  
  15  2:27  Pylon x2  
  15  2:32  Probe (Chrono Boost)  
  15  2:35  Pylon  
  15  2:36  Pylon  
  16  2:43  Probe (Chrono Boost)  
  17  3:02  Nexus  
  17  3:05  Pylon  
  17  3:06  Pylon  
  17  3:10  Assimilator  
  17  3:13  Probe (Chrono Boost), Assimilator  
  18  3:23  Probe (Chrono Boost)  
  19  3:34  Photon Cannon  
  19  3:38  Photon Cannon  
  19  3:53  Assimilator  
  19  3:58  Probe (Chrono Boost), Assimilator  
  20  4:09  Probe (Chrono Boost)  
  21  4:16  Stargate  
  21  4:19  Probe (Chrono Boost)  
  23  4:24  Probe (Chrono Boost)  
  23  4:30  Probe (Chrono Boost)  
  24  4:34  Probe (Chrono Boost)  
  25  4:45  Probe x2 (Chrono Boost)  
  27  4:55  Probe (Chrono Boost)  
  27  4:56  Probe (Chrono Boost)  
  29  5:06  Probe x2 (Chrono Boost)  
  31  5:17  Probe x2 (Chrono Boost)  
  33  5:26  Fleet Beacon  
  33  5:27  Probe (Chrono Boost)  
  34  5:35  Photon Cannon  
  34  5:40  Photon Cannon  
  34  5:47  Photon Cannon  
  34  5:50  Photon Cannon  
  34  6:11  Carrier  
  34  6:18  Graviton Catapult  
  40  6:27  Stargate  
  40  6:32  Stargate  
  46  7:16  Carrier (Chrono Boost)  
  46  7:27  Tempest  
  51  7:36  Carrier (Chrono Boost)  
  52  8:33  Carrier (Chrono Boost)  
  34  9:28  Tempest (Chrono Boost)  
  37  9:53  Tempest (Chrono Boost)  
  43  10:22  Carrier (Chrono Boost)  
  31  11:09  Carrier (Chrono Boost)  
Tags
 
Add a new tag
Caveats
  • Supply blocks, unpowered buildings, or Contaminate may cause inaccurate times.
  • Supply counts are checked every 10 seconds.